cohdb
Replays
Latest Replays
All Replays
Popular Replays
Top Player Replays
Match Explorer
How It Works
Community
CoH3 Stats
Reddit
Sign in to upload your games and track your stats! →
Sign in with Steam
Match 37115344
Unlisted
Match 37115344
Overview
Messages
Build Orders
End
Selects Italian Combined Arms Battlegroup
Selects Bersaglieri Squad
Bersaglieri Squad
Panzerpioneer Squad
Bersaglieri Squad
Construct Light Support Kompanie
Bersaglieri Squad
MG34 Team
Bersaglieri Squad
Fire Support Elements
2.5-tonne Medical Truck
Selects Bersaglieri Bolster
Selects Breda Model 30 Light Machine Guns
Pak 38 Mechanized Group
Construct Panzerarmee Kommand
Pak 38 Anti-tank Gun Team
Pak 38 Anti-tank Gun Team
UH|dun! ツ
UH|ck
UH|XTC
yatakitombe
Houpo
pritongbaboy
0
0
Comments
sign in to comment!
No comments posted yet!